 Dungeon Crawl Stone Soup version 0.29.1-2-gbd0b4ee654 (webtiles) character file.

Game seed: 2199707953190524961

1 tizbic2 the Vexing (level 1, -3/10 HPs)
             Began as a Vine Stalker Arcane Marksman on Oct 26, 2022.
             Slain by a hobgoblin (5 damage)
             ... on level 1 of the Dungeon.
             The game lasted 00:00:31 (39 turns).

tizbic2 the Vexing (Vine Stalker Arcane Marksman)     Turns: 39, Time: 00:00:32

Health: -3/10      AC:  2    Str: 12    XL:     1   Next: 20%
Magic:  0/3        EV: 12    Int: 13    God:
Gold:   0          SH:  0    Dex: 14    Spells: 1/2 levels left

rFire   . . .      SeeInvis .   a - +1 sling
rCold   . . .      Faith    .   (no shield)
rNeg    . . .      Spirit   +   c - +0 robe
rPois   .          Reflect  .   (no helmet)
rElec   .          Harm     .   (no cloak)
rCorr   .          Rampage  .   (no gloves)
Will    .....                   (no boots)
Stlth   +.........              (no amulet)
HPRegen 0.03/turn               (no ring)
MPRegen 0.08/turn               (no ring)

@: no status effects
A: fangs 2, magic shield, antimagic bite, no potion heal 2
a: no special abilities


You were on level 1 of the Dungeon.
You visited 1 branch of the dungeon, and saw 1 of its levels.

Inventory:

Hand Weapons
 a - a +1 sling (weapon)
Armour
 c - a +0 robe (worn)
Scrolls
 b - a scroll of poison


   Skills:
 * Level 1.0 Fighting
 + Level 1.8 Ranged Weapons
 - Level 1.5 Dodging
 + Level 1.1 Spellcasting
 + Level 3.0 Hexes


You had one spell level left.
You knew the following spells:

 Your Spells              Type           Power      Damage    Failure   Level
a - Slow                  Hex            32%        N/A       9%          1

Your spell library contained the following spells:

 Spells                   Type           Power      Damage    Failure   Level
 Inner Flame              Hex/Fire       4%         N/A       41%         3
 Portal Projectile        Hex/Tloc       8%         N/A       41%         3
 Cause Fear               Hex            4%         N/A       63%         4


Dungeon Overview and Level Annotations

Branches:
Dungeon (1/15)

Altars:


Innate Abilities, Weirdness & Mutations

You have extremely sharp teeth.
When hurt, damage is shared between your health and your magic reserves.
Your bite disrupts and absorbs the magic of your enemies.
Potions cannot restore your health.


Message History

Fire: a) +1 sling
Press: ? - help, Q - select action, (/) - cycle Shift-Dir - straight line, f/p - hobgoblin
Aim: a hobgoblin (56% to hit)
You shoot a sling bullet. The sling bullet hits the hobgoblin.
The hobgoblin is heavily wounded.
The hobgoblin barely misses you.
Fire: a) +1 sling
Press: ? - help, Q - select action, (/) - cycle Shift-Dir - straight line, f/p - hobgoblin
Aim: a hobgoblin (heavily wounded, 56% to hit)
You shoot a sling bullet. The sling bullet hits the hobgoblin.
The hobgoblin is almost dead.
The hobgoblin hits you.
A frilled lizard comes into view.
Fire: a) +1 sling
Press: ? - help, Q - select action, (/) - cycle Shift-Dir - straight line, f/p - hobgoblin
Aim: a hobgoblin (almost dead, 56% to hit)
You shoot a sling bullet.
The sling bullet completely misses the hobgoblin.
The hobgoblin hits you but does no damage.
The hobgoblin barely misses you.
Fire: a) +1 sling
Press: ? - help, Q - select action, (/) - cycle Shift-Dir - straight line, f/p - hobgoblin
Aim: a hobgoblin (almost dead, 56% to hit)
You shoot a sling bullet.
The sling bullet barely misses the hobgoblin.
The hobgoblin barely misses you.
Fire: a) +1 sling
Press: ? - help, Q - select action, (/) - cycle Shift-Dir - straight line, f/p - hobgoblin
Aim: a hobgoblin (almost dead, 56% to hit)
You shoot a sling bullet.
The sling bullet closely misses the hobgoblin.
The hobgoblin barely misses you.
Fire: a) +1 sling
Press: ? - help, Q - select action, (/) - cycle Shift-Dir - straight line, f/p - hobgoblin
Aim: a hobgoblin (almost dead, 56% to hit)
You shoot a sling bullet.
The sling bullet barely misses the hobgoblin.
The hobgoblin hits you.
Ouch! That really hurt!
You die...

#. #.########
...§.§...#
#.§...<# #
#.....># #.#####
#......#
.......##
#.######
....[lg.# #.#
#)@# #.#
##..###.#
#.....#.#
#.###.#.######..
.!. #...........
###.
#.#########. #
...# #..### #..


You could see a hobgoblin and a frilled lizard.

Vanquished Creatures
  A goblin (D:1)
1 creature vanquished.

Notes
Turn   | Place    | Note
-------+----------+-------------------------------------------
     0 | D:1      | tizbic2 the Vine Stalker Arcane Marksman began the quest
                  | for the Orb.
     0 | D:1      | Reached XP level 1. HP: 9/9 MP: 3/3
    30 | D:1      | Reached skill level 1 in Fighting
    39 | D:1      | Slain by a hobgoblin

Illustrated notes

Levels and vault maps discovered:
D:1:      dpeg_arrival_fog, layout_loops_ring, serial_shops, shop,
          serial_bayou_pond_d, minmay_domino_4

Skill      XL: |  1 |
---------------+----+-----
Fighting       | 1 |  1.0
Ranged Weapons | |  1.8
Dodging        | |  1.5
Spellcasting   | |  1.1
Hexes          | |  3.0

Action                   || total
-------------------------++-------
 Fire: Sling             ||    16
 Cast: Slow              ||     1
Armor: Robe              ||     2
Dodge: Dodged            ||     7
